 Dungeon Crawl Stone Soup version 0.30.1-11-g7821555f0a (webtiles) character file.

Game seed: 5285255622210320133

11653 Heoruswealwe the Eclecticist (level 11, -18/54 HPs)
             Began as a Deep Elf Conjurer on Dec 27, 2023.
             Was a Priest of Vehumet.
             Demolished by Snorg (28 damage)
             ... on level 11 of the Dungeon on Dec 28, 2023.
             The game lasted 01:53:00 (10743 turns).

Heoruswealwe the Eclecticist (Deep Elf Conjurer)   Turns: 10743, Time: 01:53:00

Health: -18/54     AC:  3    Str:  4    XL:     11   Next: 52%
Magic:  3/33       EV: 12    Int: 28    God:    Vehumet [***...]
Gold:   89         SH:  0    Dex: 13    Spells: 2/43 levels left

rFire   + + .        b - +11 war axe of Reinforcement {vamp, rElec rF++}
rCold   . . .        (no shield)
rNeg    + . .        c - +0 robe
rPois   +            (no helmet)
rElec   +            (no cloak)
rCorr   .            (no gloves)
SInv    .            e - +0 pair of boots
Will    +....        i - amulet of regeneration
Stlth   ++           k - ring of positive energy
HPRegen 1.09/turn    j - ring of poison resistance
MPRegen 0.23/turn

%: no passive effects
@: no status effects
A: no striking features
a: Renounce Religion


You were on level 11 of the Dungeon.
You worshipped Vehumet.
Vehumet was most pleased with you.
You visited 2 branches of the dungeon, and saw 12 of its levels.

You collected 1629 gold pieces.
You spent 1540 gold pieces at shops.

Inventory:

Hand Weapons
 b - the +11 war axe of Reinforcement (weapon) {vamp, rElec rF++}
   (You found it on level 3 of the Dungeon)

   rF:        It greatly protects you from fire.
   rElec:     It insulates you from electricity.
Armour
 c - a +0 robe (worn)
 e - a +0 pair of boots (worn)
Magical Staves
 q - a staff of earth
Jewellery
 i - an amulet of regeneration (around neck)
 j - a ring of poison resistance (right hand)
 k - a ring of positive energy (left hand)
 M - an amulet of reflection
Wands
 m - a wand of digging (6)
 w - a wand of roots (9)
 x - a wand of charming (3)
 A - a wand of flame (4)
 H - a wand of acid (7)
Scrolls
 f - 2 scrolls of amnesia
 h - 4 scrolls of fog
 l - a scroll of brand weapon
 o - a scroll of blinking
 r - 3 scrolls of teleportation
 s - 2 scrolls of summoning
 t - 5 scrolls of enchant armour
 u - 2 scrolls of immolation {unknown}
 v - a scroll of torment {unknown}
 y - a scroll of fear {unknown}
 E - 2 scrolls of poison {unknown}
 F - 3 scrolls of enchant weapon {unknown}
 G - a scroll of silence {unknown}
Potions
 a - 4 potions of lignification {unknown}
 d - a potion of attraction {unknown}
 g - a potion of invisibility {unknown}
 p - 5 potions of flight {unknown}
 z - a potion of mutation {unknown}
 B - a potion of brilliance {unknown}
 C - a potion of resistance {unknown}
 D - a potion of ambrosia {unknown}
 J - a potion of berserk rage {unknown}
 K - a potion of cancellation {unknown}
 L - 2 potions of haste {unknown}
 N - 3 potions of heal wounds {unknown}
Miscellaneous
 I - a phantom mirror


   Skills:
 - Level 2.4 Dodging
 - Level 2.4 Stealth
 + Level 16.8 Spellcasting
 + Level 14.7 Conjurations


You had 2 spell levels left.
You knew the following spells:

 Your Spells              Type           Power      Damage    Failure   Level
a - Magic Dart            Conj           100%       1d8       0%          1
b - Shock                 Conj/Air       100%       1d9       1%          1
c - Kiss of Death         Conj/Necr      100%       2d13      1%          1
d - Searing Ray           Conj           100%       2d8       0%          2
e - Momentum Strike       Conj/Tloc      100%       3d10      1%          2
f - Mephitic Cloud        Conj/Pois/Air  50%        N/A       1%          3
g - Dazzling Flash        Conj/Hex       100%       N/A       1%          3
h - Stone Arrow           Conj/Erth      100%       3d13      1%          3
i - Fulminant Prism       Conj/Hex       30%        3d16      1%          4
j - Iskenderun's Mystic   Conj/Tloc      60%        2d13      1%          4
k - Flame Wave            Conj/Fire      60%        2d14      1%          4
l - Freezing Cloud        Conj/Ice/Air   25%        6-21      2%          5
m - Lehudib's Crystal Sp  Conj/Erth      30%        10d8      80%         8

Your spell library contained the following spells:

 Spells                   Type           Power      Damage    Failure   Level
 Frozen Ramparts          Ice            46%        1d7       1%          3
 Summon Small Mammal      Summ           92%        N/A       1%          1
 Poisonous Vapours        Pois/Air       46%        N/A       1%          2
 Scorch                   Fire           46%        2d7       1%          2
 Cigotuvi's Dreadful Rot  Necr/Pois/Air  46%        N/A       3%          2
 Inner Flame              Hex/Fire       23%        N/A       1%          3
 Airstrike                Air            11%        2d(2-18)  5%          4
 Call Canine Familiar     Summ           23%        N/A       6%          3
 Summon Guardian Golem    Hex/Summ       23%        N/A       6%          3
 Swiftness                Air            23%        N/A       6%          3
 Yara's Violent Unravell  Hex/Tmut       11%        3d6       16%         5
 Animate Armour           Summ/Erth      46%        N/A       21%         4
 Dispel Undead            Necr           23%        3d12      21%         4
 Passage of Golubria      Tloc           23%        N/A       21%         4
 Petrify                  Tmut/Erth      23%        N/A       21%         4
 Summon Lightning Spire   Summ/Air       23%        N/A       21%         4
 Borgnjor's Vile Clutch   Necr/Erth      11%        N/A       50%         5
 Silence                  Hex/Air        11%        N/A       50%         5
 Death Channel            Necr           11%        N/A       97%         6
 Summon Cactus Giant      Summ           11%        N/A       97%         6
 Enfeeble                 Hex            11%        N/A       100%        7
 Storm Form               Tmut/Air       11%        N/A       100%        7
 Maxwell's Capacitive Co  Air            11%        ∞         100%        8
 Shatter                  Erth           11%        3d12*     100%        9


Dungeon Overview and Level Annotations

Branches:
Dungeon (11/15)            Temple (1/1) D:5
   Lair: D:8-11         Orc: D:9-12

Altars:
Ashenzari
Cheibriados
Dithmenos
Elyvilon
Fedhas
Gozag
Hepliaklqana
Kikubaaqudgha
Makhleb
Nemelex Xobeh
Okawaru
Qazlal
Ru
Sif Muna
Trog
Uskayaw
Vehumet
Wu Jian
Xom
Yredelemnul
Zin
The Shining One

Shops:
D:11 *

Annotations:
D:11 Snorg


Message History

The stone arrow hits Snorg!!
Snorg is heavily wounded.
Casting: Stone Arrow (safe; 1% risk of failure)
Confirm with . or Enter, or press ? or * to list all spells.
Aiming: Stone Arrow (safe; 1% risk of failure)
Press: ? - help, Shift-Dir - straight line, f/p - Snorg
Aim: Snorg (heavily wounded, berserk, 78% to hit)
The stone arrow hits Snorg!!
Snorg is severely wounded.
Casting: Stone Arrow (safe; 1% risk of failure)
Confirm with . or Enter, or press ? or * to list all spells.
You erupt in a blast of force!
The mystic blast hits Snorg!
Snorg is severely wounded.
Snorg is knocked back by the mystic blast.
Casting: Iskenderun's Mystic Blast (safe; 1% risk of failure)
Confirm with . or Enter, or press ? or * to list all spells.
Aiming: Stone Arrow (safe; 1% risk of failure)
Press: ? - help, Shift-Dir - straight line, f/p - Snorg
Aim: Snorg (severely wounded, berserk, 78% to hit)
The stone arrow hits Snorg!!
Snorg is almost dead.
Snorg closely misses you. Snorg claws you!
* * * LOW HITPOINT WARNING * * *
Snorg completely misses you.
Casting: Stone Arrow (safe; 1% risk of failure)
Confirm with . or Enter, or press ? or * to list all spells.
You erupt in a blast of force!
The mystic blast hits Snorg!
Snorg is almost dead.
Snorg is knocked back by the mystic blast.
Casting: Iskenderun's Mystic Blast (safe; 1% risk of failure)
Confirm with . or Enter, or press ? or * to list all spells.
You erupt in a blast of force!
The mystic blast hits Snorg.
Snorg is almost dead.
Snorg misses you. Snorg barely misses you. Snorg claws you!
* * * LOW HITPOINT WARNING * * *
You barely miss Snorg.
Snorg is almost dead.
Snorg bites you!!
Ouch! That really hurt!
You die...

#.....#
#.....#
#.....#
#.....
#.....#
#... .#
#.T##.#
#.@...#
#.....#
+.....#
#.....#
#.....#
#.....#
+..##.#
#####.....#
#.........#


You could see Snorg (berserk).

Vanquished Creatures
  2 two-headed ogres
  Pikel (D:6)
  An ugly thing (D:10)
  A gargoyle (D:11)
  A komodo dragon (D:10)
  A hornet (D:9)
  Grinder (D:6)
  5 slime creatures (D:11)
  A vampire (D:11)
  3 wyverns
  15 yaks
  2 basilisks (D:11)
  A steam dragon (D:6)
  Menkaure (D:5)
  An acid dragon (D:10)
  2 water moccasins
  A black bear (D:6)
  Duvessa (D:6)
  2 ice beasts
  2 sky beasts
  4 orc warriors
  The ghost of ozzols the Chopper, an amateur MiBe of Trog (D:3)
  An ogre (D:6)
  4 centaurs
  2 phantoms
  2 kobold brigands (D:8)
  3 lemures (D:6)
  5 bullfrogs
  2 gnoll sergeants
  5 scorpions
  A wight (D:8)
  Dowan (D:6)
  9 killer bees
  An electric eel (D:6)
  A howler monkey (D:6)
  3 orc priests
  5 hounds
  8 iguanas
  6 sleepcaps
  Ijyb (D:5)
  15 orc wizards
  A scorpion simulacrum (D:3)
  13 gnolls
  10 adders
  A hound simulacrum (D:3)
  4 ufetubi
  4 worms
  2 dart slugs
  An adder simulacrum (D:3)
  30 orcs
  9 ball pythons
  6 bats
  7 endoplasms
  3 giant cockroaches
  4 goblins
  8 hobgoblins
  2 jackals (D:1)
  15 kobolds
  7 quokkas
  2 frilled lizards
  A giant cockroach simulacrum (D:3)
  5 rats
260 creatures vanquished.

Vanquished Creatures (others)
  13 fulminant prisms
13 creatures vanquished.

Grand Total: 273 creatures vanquished

Notes
Turn   | Place    | Note
-------+----------+-------------------------------------------
     0 | D:1      | Heoruswealwe the Deep Elf Conjurer began the quest for the
                  | Orb.
     0 | D:1      | Reached XP level 1. HP: 10/10 MP: 6/6
   160 | D:1      | Reached XP level 2. HP: 15/15 MP: 2/8
   163 | D:1      | Learned a level 2 spell: Searing Ray
   603 | D:1      | Reached skill level 4 in Spellcasting
   899 | D:2      | Reached skill level 5 in Conjurations
   899 | D:2      | Reached XP level 3. HP: 19/19 MP: 8/10
   903 | D:2      | Learned a level 3 spell: Dazzling Flash
   990 | D:2      | Learned a level 1 spell: Shock
  1472 | D:2      | Reached XP level 4. HP: 24/24 MP: 10/12
  1477 | D:2      | Learned a level 4 spell: Fulminant Prism
  1696 | D:3      | Found a faded altar of an unknown god.
  1742 | D:3      | Found a runed translucent gate.
  1744 | D:3      | Found a runed translucent gate.
  1746 | D:3      | Found a runed translucent gate.
  1864 | D:3      | Noticed ozzols's ghost (amateur MiBe)
  1886 | D:3      | Noticed a scorpion
  1893 | D:3      | Killed a scorpion
  1894 | D:3      | Reached skill level 5 in Spellcasting
  1894 | D:3      | Reached XP level 5. HP: 25/28 MP: 0/14
  2003 | D:3      | Identified the +11 war axe of Reinforcement {vamp, rElec
                  | rF++}
  2748 | D:3      | Killed ozzols's ghost
  2749 | D:3      | Reached skill level 6 in Spellcasting
  2749 | D:3      | Reached XP level 6. HP: 8/32 MP: 0/17
  2877 | D:3      | Learned a level 4 spell: Iskenderun's Mystic Blast
  3300 | D:4      | Reached skill level 7 in Spellcasting
  3502 | D:5      | Entered Level 5 of the Dungeon
  3506 | D:5      | Found an iron altar of Okawaru.
  3618 | D:5      | Reached XP level 7. HP: 12/36 MP: 19/19
  3793 | D:5      | Reached skill level 8 in Spellcasting
  3907 | D:5      | Found a staircase to the Ecumenical Temple.
  3915 | D:5      | Noticed Menkaure
  3920 | D:5      | Killed Menkaure
  4002 | Temple   | Entered the Ecumenical Temple
  4302 | Temple   | Became a worshipper of Vehumet
  4389 | D:5      | Noticed Ijyb
  4399 | D:5      | Killed Ijyb
  4473 | D:5      | Reached skill level 9 in Spellcasting
  4473 | D:5      | Reached XP level 8. HP: 21/41 MP: 19/23
  4579 | D:5      | Identified a scroll of acquirement
  4587 | D:5      | Acquired 782 gold pieces
  4608 | D:5      | Found an opulent altar of Gozag.
  4608 | D:5      | Found a glowing silver altar of Zin.
  5267 | D:6      | Reached skill level 10 in Spellcasting
  5591 | D:6      | Noticed Pikel
  5600 | D:6      | Killed Pikel
  5601 | D:6      | Reached skill level 11 in Spellcasting
  5601 | D:6      | Reached skill level 10 in Conjurations
  5721 | D:6      | Reached XP level 9. HP: 45/45 MP: 19/26
  5722 | D:6      | Noticed Grinder
  5735 | D:6      | Killed Grinder
  5755 | D:6      | Found a white marble altar of Elyvilon.
  5950 | D:6      | Reached skill level 12 in Spellcasting
  5979 | D:6      | Reached * piety under Vehumet
  5979 | D:6      | Offered knowledge of Kiss of Death by Vehumet.
  5988 | D:6      | Learned a level 1 spell: Kiss of Death
  6387 | D:6      | Found a shimmering blue altar of Sif Muna.
  6467 | D:6      | Noticed Dowan
  6474 | D:6      | Noticed Duvessa
  6480 | D:6      | Killed Dowan
  6484 | D:6      | Killed Duvessa
  6620 | D:6      | You fall into a shaft and drop 3 floors!
  6662 | D:9      | Reached skill level 13 in Spellcasting
  6684 | D:8      | Found a snail-covered altar of Cheibriados.
  6863 | D:8      | Learned a level 3 spell: Mephitic Cloud
  6869 | D:8      | Learned a level 5 spell: Freezing Cloud
  6939 | D:8      | Reached XP level 10. HP: 49/50 MP: 5/29
  7880 | D:8      | Offered knowledge of Momentum Strike by Vehumet.
  7885 | D:8      | Reached ** piety under Vehumet
  7937 | D:8      | Learned a level 2 spell: Momentum Strike
  7979 | D:8      | Reached skill level 14 in Spellcasting
  8732 | D:9      | Reached skill level 15 in Spellcasting
  9303 | D:10     | Entered Level 10 of the Dungeon
  9395 | D:10     | Noticed a two-headed ogre
  9405 | D:10     | Killed a two-headed ogre
  9483 | D:10     | Noticed a red ugly thing
  9507 | D:10     | Killed a red ugly thing
  9508 | D:10     | Reached XP level 11. HP: 54/54 MP: 3/32
  9559 | D:10     | Offered knowledge of Stone Arrow by Vehumet.
  9564 | D:10     | Learned a level 3 spell: Stone Arrow
  9915 | D:11     | Reached skill level 16 in Spellcasting
  9925 | D:11     | Reached *** piety under Vehumet
 10048 | D:11     | Found Ceneonitt's Pet Rocks.
 10067 | D:11     | Bought Sif Muna's Volume of Talus for 980 gold pieces
 10067 | D:11     | Bought a book of the Moon for 560 gold pieces
 10076 | D:11     | Learned a level 8 spell: Lehudib's Crystal Spear
 10328 | D:11     | Offered knowledge of Frozen Ramparts by Vehumet.
 10543 | D:11     | Learned a level 4 spell: Flame Wave
 10579 | D:11     | Noticed a two-headed ogre
 10594 | D:11     | Killed a two-headed ogre
 10726 | D:11     | Noticed Snorg
 10743 | D:11     | Demolished by Snorg

Illustrated notes

Levels and vault maps discovered:
D:1:      minmay_arrival_split_and_join, layout_basic
D:2:      layout_basic, hangedman_decor_riveting, minmay_surrounded
D:3:      cheibrodos_old_hovel, layout_basic, nicolae_ecumenical_pavilion,
          gammafunk_ghost_icy, serial_bayou_crossing
D:4:      layout_cave_pools, nicolae_figureground_sparkle
D:5:      nicolae_cairo_tiling_large_dashed, layout_basic,
          grunt_temple_overflow_gold_and_silver, okawaru_ov_weapons_minmay,
          minmay_temple_entry_waves, minmay_fractal_squares_gapless_5,
          uniq_ijyb, uniq_menkaure
D:6:      minmay_thinvault, layout_basic, nicolae_elyvilon_temple_path,
          led_sif_book, hangedman_decor_opposing, uniq_grinder, uniq_pikel,
          uniq_duvessa
D:7:      layout_loops_cross, grunt_decor_cap
D:8:      layout_rooms, slow_altar_1, minmay_fractal_squares_5
D:9:      layout_layer_cave, hex_tiny
D:10:     layout_cave_pools, grunt_decor_one_mirror, statue_in_the_mist_lemuel,
          dk_vineyard_2
D:11:     layout_stronghold, lair_entry_dummy, guppyfry_shop_earth, uniq_snorg
Temple:   minmay_temple_bridge_d

Skill      XL: |  1  2  3  4  5  6  7  8  9 10 11 |
---------------+----------------------------------+-----
Spellcasting   | 4 5 6 7 9 11 13 15 16 | 16.8
Conjurations   | 5 6 7 8 10 11 13 14 | 14.7
Dodging        | |  2.4
Stealth        | |  2.4

Action                     |  1- 3 |  4- 6 |  7- 9 | 10-12 || total
---------------------------+-------+-------+-------+-------++-------
  Melee: War axe           |       |    22 |    35 |    40 ||    97
         Punch             |       |       |     1 |     1 ||     2
   Cast: Magic Dart        |    92 |   108 |    68 |    59 ||   327
         Searing Ray       |       |    12 |    48 |     5 ||    65
         Iskenderun's Myst |       |       |    18 |    67 ||    85
         Fulminant Prism   |       |       |     1 |    12 ||    13
         Stone Arrow       |       |       |       |    17 ||    17
  Evoke: Wand              |       |     1 |       |     1 ||     2
    Use: Potion            |       |     2 |     1 |     2 ||     5
         Scroll            |       |       |     7 |     3 ||    10
 Armour: Robe              |     6 |     6 |     9 |    19 ||    40
  Dodge: Dodged            |     9 |    13 |    47 |    62 ||   131
